TOP OF THE 1ST |
Gurdon Pelicans batting - Pitching for Chesapeake Continentals : RHP Aurelio López
|
Pitching: RHP Aurelio López
|
|
Batting: RHB Alex Maxwell
|
0-0: Bunted foul 0-1: Swinging Strike 0-2: Strikes out looking
|
Batting: RHB Tony Hernández
|
0-0: Bunt missed! 0-1: Foul Ball, location: 2F 0-2: Ball 1-2: Ball 2-2: SINGLE (Groundball, 5S) (infield hit)
|
Batting: SHB Carlos Kramer
|
0-0: Ball 1-0: Swinging Strike 1-1: Called Strike 1-2: Ball 2-2: Ball 3-2: Foul Ball, location: 2F 3-2: Foul Ball, location: 2F 3-2: Base on Balls Tony Hernández to second
|
Batting: LHB Jesús Reyes
|
0-0: Ball 1-0: Ball 2-0: Foul Ball, location: 2F 2-1: Ball 3-1: DOUBLE (Flyball, 78XD) Tony Hernández scores Carlos Kramer to third
|
Batting: SHB Lionel Merlet
|
0-0: SINGLE (Line Drive, 8LS) Carlos Kramer scores Jesús Reyes to third Runner from 3rd tries for Home, SAFE, throw made home Lionel Merlet to second
|
Batting: RHB Bobby Buck
|
0-0: Called Strike 0-1: Ball 1-1: Ground out 6-3 (Groundball, 6)
|
Batting: RHB Riley Howard
|
0-0: Ball 1-0: Foul Ball, location: 2F 1-1: Swinging Strike 1-2: Foul Ball, location: 2F 1-2: Foul Ball, location: 2F 1-2: Strikes out swinging
|
Top of the 1st over - 3 run(s), 3 hit(s), 0 error(s), 1 left on base; Gurdon 3 - Chesapeake 0 |
BOTTOM OF THE 1ST |
Chesapeake Continentals batting - Pitching for Gurdon Pelicans : LHP Ernest Torres
|
Pitching: LHP Ernest Torres
|
|
Batting: RHB Roger Lakes
|
0-0: Ball 1-0: Ball 2-0: Swinging Strike 2-1: Swinging Strike 2-2: Foul Ball, location: 2F 2-2: Ground out 5-3 (Groundball, 5L)
|
Batting: LHB Thomas Campbell
|
0-0: Ball 1-0: Foul Ball, location: 2F 1-1: Called Strike 1-2: Strikes out looking
|
Batting: RHB Christian O'Dell
|
0-0: Ball 1-0: Foul Ball, location: 2F 1-1: Swinging Strike 1-2: Strikes out swinging
|
Bottom of the 1st over - 0 run(s), 0 hit(s), 0 error(s), 0 left on base; Gurdon 3 - Chesapeake 0 |
TOP OF THE 2ND |
Gurdon Pelicans batting - Pitching for Chesapeake Continentals : RHP Aurelio López
|
Batting: RHB Ludovico Trezza
|
0-0: Swinging Strike 0-1: Ball 1-1: Swinging Strike 1-2: Strikes out looking
|
Batting: RHB Martín Álvarez
|
0-0: Ball 1-0: Called Strike 1-1: Ball 2-1: Foul Ball, location: 2F 2-2: Ball 3-2: Strikes out swinging
|
Batting: RHB Alex Maxwell
|
0-0: Foul Ball, location: 2F 0-1: Foul Ball, location: 2F 0-2: Strikes out looking
|
Top of the 2nd over - 0 run(s), 0 hit(s), 0 error(s), 0 left on base; Gurdon 3 - Chesapeake 0 |
BOTTOM OF THE 2ND |
Chesapeake Continentals batting - Pitching for Gurdon Pelicans : LHP Ernest Torres
|
Batting: RHB Brandon Reed
|
0-0: Called Strike 0-1: Fly out, F7 (Line Drive, 78M)
|
Batting: RHB Jonah Moody
|
0-0: Ball 1-0: Ball 2-0: SINGLE (Groundball, 4MD)
|
Batting: LHB Jesús Pérez
|
0-0: Ball 1-0: Foul Ball, location: 2F 1-1: Foul Ball, location: 2F 1-2: Ball 2-2: Ball 3-2: Grounds into double play, 4-6-3 (Groundball, 4M)
|
Bottom of the 2nd over - 0 run(s), 1 hit(s), 0 error(s), 0 left on base; Gurdon 3 - Chesapeake 0 |
TOP OF THE 3RD |
Gurdon Pelicans batting - Pitching for Chesapeake Continentals : RHP Aurelio López
|
Batting: RHB Tony Hernández
|
0-0: SINGLE (Groundball, 6MD)
|
Batting: SHB Carlos Kramer
|
0-0: Called Strike 0-1: Ball 1-1: Swinging Strike 1-2: Ball 2-2: Foul Ball, location: 2F 2-2: Strikes out looking
|
Batting: LHB Jesús Reyes
|
0-0: Fly out, F7 (Flyball, 7M)
|
Batting: SHB Lionel Merlet
|
0-0: Swinging Strike Passed Ball! Tony Hernández to second 0-1: Ball 1-1: Ball 2-1: Swinging Strike 2-2: Ball 3-2: Strikes out looking
|
Top of the 3rd over - 0 run(s), 1 hit(s), 0 error(s), 1 left on base; Gurdon 3 - Chesapeake 0 |
BOTTOM OF THE 3RD |
Chesapeake Continentals batting - Pitching for Gurdon Pelicans : LHP Ernest Torres
|
Batting: RHB Gustavo Varela
|
0-0: Ball 1-0: Ground out 5-3 (Groundball, 56S)
|
Batting: SHB Dominique Prost
|
0-0: Foul Ball, location: 2F 0-1: SINGLE (Groundball, 6MD)
|
Batting: RHB Gil Nichols
|
0-0: Reached on error, E5 (Groundball, 56) Dominique Prost to second
|
Batting: RHB Roger Lakes
|
0-0: Called Strike 0-1: Foul Ball, location: 2F 0-2: Strikes out swinging
|
Batting: LHB Thomas Campbell
|
0-0: Ball 1-0: Called Strike 1-1: Called Strike 1-2: Fielders Choice at 2nd, U4 (Groundball, 4M)
|
Bottom of the 3rd over - 0 run(s), 1 hit(s), 1 error(s), 2 left on base; Gurdon 3 - Chesapeake 0 |
TOP OF THE 4TH |
Gurdon Pelicans batting - Pitching for Chesapeake Continentals : RHP Aurelio López
|
Batting: RHB Bobby Buck
|
0-0: Ball 1-0: Ball 2-0: Ball 3-0: Base on Balls
|
Batting: RHB Riley Howard
|
0-0: Fly out, F7 (Flyball, 78M)
|
Batting: RHB Ludovico Trezza
|
0-0: Ball 1-0: Called Strike 1-1: Foul Ball, location: 2F 1-2: Ball 2-2: Foul Ball, location: 2F 2-2: Fielders Choice at 2nd, 4-6 (Groundball, 4M)
|
Batting: RHB Martín Álvarez
|
0-0: Ball 1-0: Ball 2-0: Fielders Choice at 2nd, 6-4 (Groundball, 6)
|
Top of the 4th over - 0 run(s), 0 hit(s), 0 error(s), 0 left on base; Gurdon 3 - Chesapeake 0 |
BOTTOM OF THE 4TH |
Chesapeake Continentals batting - Pitching for Gurdon Pelicans : LHP Ernest Torres
|
Batting: RHB Christian O'Dell
|
0-0: Ball 1-0: Ball 2-0: Called Strike 2-1: Fly out, F8 (Flyball, 8LD)
|
Batting: RHB Brandon Reed
|
0-0: Ball 1-0: Ball 2-0: Ball 3-0: Called Strike 3-1: Foul Ball, location: 2F 3-2: Base on Balls
|
Batting: RHB Jonah Moody
|
0-0: Ball 1-0: Ball 2-0: Called Strike 2-1: Ground out 5-3 (Groundball, 5S) Brandon Reed to second
|
Batting: LHB Jesús Pérez
|
0-0: Foul Ball, location: 2F 0-1: Ball 1-1: Foul Ball, location: 2F 1-2: Foul Ball, location: 2F 1-2: Foul Ball, location: 2F 1-2: Strikes out swinging
|
Bottom of the 4th over - 0 run(s), 0 hit(s), 0 error(s), 1 left on base; Gurdon 3 - Chesapeake 0 |
TOP OF THE 5TH |
Gurdon Pelicans batting - Pitching for Chesapeake Continentals : RHP Aurelio López
|
Batting: RHB Alex Maxwell
|
0-0: Ball 1-0: Ball 2-0: Ball 3-0: Called Strike 3-1: Base on Balls
|
Batting: RHB Tony Hernández
|
0-0: Ball 1-0: Sac Bunt - play at first, batter OUT! U3 Alex Maxwell to second
|
Batting: SHB Carlos Kramer
|
0-0: Foul Ball, location: 2F 0-1: Ball 1-1: Fly out, F7 (Flyball, 7D) Runner from 2nd tags up, SAFE at 3rd, no throw
|
Batting: LHB Jesús Reyes
|
0-0: Ball 1-0: Foul Ball, location: 2F 1-1: Ball 2-1: Ball 3-1: Swinging Strike 3-2: Strikes out swinging
|
Top of the 5th over - 0 run(s), 0 hit(s), 0 error(s), 1 left on base; Gurdon 3 - Chesapeake 0 |
BOTTOM OF THE 5TH |
Chesapeake Continentals batting - Pitching for Gurdon Pelicans : LHP Ernest Torres
|
Batting: RHB Gustavo Varela
|
0-0: Swinging Strike 0-1: Foul Ball, location: 2F 0-2: Fly out, F7 (Flyball, 78M)
|
Batting: SHB Dominique Prost
|
0-0: Called Strike 0-1: Ball 1-1: Ball 2-1: Ground out 2-3 (Groundball, 23)
|
Batting: RHB Gil Nichols
|
0-0: Ball 1-0: Called Strike 1-1: Ball 2-1: Ball 3-1: Ground out 5-3 (Groundball, 5S)
|
Bottom of the 5th over - 0 run(s), 0 hit(s), 0 error(s), 0 left on base; Gurdon 3 - Chesapeake 0 |
TOP OF THE 6TH |
Gurdon Pelicans batting - Pitching for Chesapeake Continentals : RHP Aurelio López
|
Batting: SHB Lionel Merlet
|
0-0: Foul Ball, location: 2F 0-1: Ball 1-1: Ball 2-1: Ball 3-1: Foul Ball, location: 2F 3-2: Ground out 4-3 (Groundball, 4M)
|
Batting: RHB Bobby Buck
|
0-0: Foul Ball, location: 2F 0-1: Ball 1-1: Swinging Strike 1-2: Ball 2-2: Strikes out looking
|
Batting: RHB Riley Howard
|
0-0: Ball 1-0: Called Strike 1-1: Foul Ball, location: 2F 1-2: Hit by Pitch
|
Batting: RHB Ludovico Trezza
|
0-0: Called Strike 0-1: Ball 1-1: Foul Ball, location: 2F 1-2: Strikes out swinging
|
Top of the 6th over - 0 run(s), 0 hit(s), 0 error(s), 1 left on base; Gurdon 3 - Chesapeake 0 |
BOTTOM OF THE 6TH |
Chesapeake Continentals batting - Pitching for Gurdon Pelicans : LHP Ernest Torres
|
Batting: RHB Roger Lakes
|
0-0: Ball 1-0: Swinging Strike 1-1: Called Strike 1-2: Ball 2-2: Fly out, F9 (Flyball, 89M)
|
Batting: LHB Thomas Campbell
|
0-0: Called Strike 0-1: Called Strike 0-2: Strikes out swinging
|
Batting: RHB Christian O'Dell
|
0-0: Called Strike 0-1: Foul Ball, location: 2F 0-2: Ball 1-2: Foul Ball, location: 2F 1-2: Foul Ball, location: 2F 1-2: SINGLE (Line Drive, 3D)
|
Batting: RHB Brandon Reed
|
0-0: Foul Ball, location: 2F 0-1: Ball 1-1: Ball 2-1: Swinging Strike 2-2: Strikes out swinging
|
Bottom of the 6th over - 0 run(s), 1 hit(s), 0 error(s), 1 left on base; Gurdon 3 - Chesapeake 0 |
TOP OF THE 7TH |
Gurdon Pelicans batting - Pitching for Chesapeake Continentals : RHP Aurelio López
|
Batting: RHB Martín Álvarez
|
0-0: Ball 1-0: Foul Ball, location: 2F 1-1: SINGLE (Flyball, 89S)
|
Pitching: RHP Jud White
|
|
Batting: RHB Alex Maxwell
|
0-0: Fly out, F9 (Flyball, 89M)
|
Batting: RHB Tony Hernández
|
0-0: Called Strike Martín Álvarez steals 2nd base 0-1: 2-RUN HOME RUN (Line Drive, 89XD), Distance : 387 ft
|
Batting: SHB Carlos Kramer
|
0-0: Ball 1-0: Called Strike 1-1: Ball 2-1: Foul Ball, location: 2F 2-2: Strikes out looking
|
Batting: LHB Jesús Reyes
|
0-0: Ball 1-0: Ball 2-0: Swinging Strike 2-1: Swinging Strike 2-2: Foul Ball, location: 2F 2-2: Strikes out swinging
|
Top of the 7th over - 2 run(s), 2 hit(s), 0 error(s), 0 left on base; Gurdon 5 - Chesapeake 0 |
BOTTOM OF THE 7TH |
Chesapeake Continentals batting - Pitching for Gurdon Pelicans : LHP Ernest Torres
|
Batting: RHB Jonah Moody
|
0-0: Ball 1-0: Ball 2-0: SINGLE (Groundball, 56D)
|
Pitching: LHP Cal Haber
|
|
Batting: LHB Jesús Pérez
|
0-0: Ball 1-0: Ball 2-0: Foul Ball, location: 2F 2-1: Ball 3-1: Fly out, F3 (Line Drive, 3)
|
Batting: RHB Gustavo Varela
|
0-0: Foul Ball, location: 2F 0-1: Fly out, F7 (Line Drive, 78S)
|
Batting: SHB Dominique Prost
|
0-0: Called Strike 0-1: Swinging Strike 0-2: Ball 1-2: Ball 2-2: Fly out, F7 (Flyball, 7LM)
|
Bottom of the 7th over - 0 run(s), 1 hit(s), 0 error(s), 1 left on base; Gurdon 5 - Chesapeake 0 |
TOP OF THE 8TH |
Gurdon Pelicans batting - Pitching for Chesapeake Continentals : RHP Jud White
|
Batting: SHB Lionel Merlet
|
0-0: Ball 1-0: Ball 2-0: Swinging Strike 2-1: Ball 3-1: Base on Balls
|
Batting: RHB Bobby Buck
|
0-0: Ball 1-0: Called Strike 1-1: Foul Ball, location: 2F 1-2: Foul Ball, location: 2F 1-2: Foul Ball, location: 2F 1-2: Ball 2-2: Ground out 5-3 (Groundball, 56S) Lionel Merlet to second
|
Batting: RHB Riley Howard
|
0-0: Foul Ball, location: 2F 0-1: Ball 1-1: Ball 2-1: Foul Ball, location: 2F 2-2: Ground out 5-3 (Groundball, 5)
|
Batting: RHB Ludovico Trezza
|
0-0: Ground out 4-3 (Groundball, 4MS)
|
Top of the 8th over - 0 run(s), 0 hit(s), 0 error(s), 1 left on base; Gurdon 5 - Chesapeake 0 |
BOTTOM OF THE 8TH |
Chesapeake Continentals batting - Pitching for Gurdon Pelicans : LHP Cal Haber
|
Batting: RHB Gil Nichols
|
0-0: Ball 1-0: Foul Ball, location: 2F 1-1: Swinging Strike 1-2: Fly out, F3 (Line Drive, 3)
|
Batting: RHB Roger Lakes
|
0-0: Ball 1-0: Ball 2-0: Ball 3-0: Called Strike 3-1: Called Strike 3-2: SINGLE (Line Drive, 9LS)
|
Batting: LHB Thomas Campbell
|
0-0: Called Strike 0-1: Ball 1-1: Called Strike 1-2: Fly out, F7 (Flyball, 7M)
|
Batting: RHB Christian O'Dell
|
0-0: Called Strike 0-1: Ball 1-1: Swinging Strike 1-2: Ball 2-2: Ground out 5-3 (Groundball, 56S)
|
Bottom of the 8th over - 0 run(s), 1 hit(s), 0 error(s), 1 left on base; Gurdon 5 - Chesapeake 0 |
TOP OF THE 9TH |
Gurdon Pelicans batting - Pitching for Chesapeake Continentals : RHP Jud White
|
Batting: RHB Martín Álvarez
|
0-0: Called Strike 0-1: Ball 1-1: Fly out, F8 (Flyball, 8LM)
|
Batting: RHB Alex Maxwell
|
0-0: Ball 1-0: Ball 2-0: Foul Ball, location: 2F 2-1: Ball 3-1: Base on Balls
|
Batting: RHB Tony Hernández
|
0-0: Swinging Strike 0-1: SINGLE (Groundball, 6MD) Alex Maxwell to second
|
Batting: SHB Carlos Kramer
|
0-0: Swinging Strike 0-1: SINGLE (Line Drive, 89S) Alex Maxwell to third Tony Hernández to second Runner from 3rd tries for Home, SAFE, no throw or cutoff
|
Pitching: RHP Kyle McPherson
|
|
Batting: LHB Jesús Reyes
|
0-0: Ball 1-0: Ball 2-0: Called Strike 2-1: Swinging Strike 2-2: Strikes out looking
|
Batting: SHB Lionel Merlet
|
0-0: Called Strike 0-1: Ball 1-1: Ground out 6-3 (Groundball, 6)
|
Top of the 9th over - 1 run(s), 2 hit(s), 0 error(s), 2 left on base; Gurdon 6 - Chesapeake 0 |
BOTTOM OF THE 9TH |
Chesapeake Continentals batting - Pitching for Gurdon Pelicans : LHP Cal Haber
|
Batting: RHB Brandon Reed
|
0-0: Ball 1-0: Swinging Strike 1-1: Foul Ball, location: 2F 1-2: Ball 2-2: Ball 3-2: Fly out, F1 (Line Drive, 13S)
|
Batting: RHB Jonah Moody
|
0-0: Called Strike 0-1: Called Strike 0-2: Strikes out swinging
|
Batting: LHB Jesús Pérez
|
0-0: Fly out, F8 (Flyball, 8LD)
|
Bottom of the 9th over - 0 run(s), 0 hit(s), 0 error(s), 0 left on base; Gurdon 6 - Chesapeake 0 |
|